 Dungeon Crawl Stone Soup version 0.31-a0-1589-g8f5e8aebd6 (webtiles) character file.

Game seed: 5842889814761080534

596 CougarLife the Ruffian (level 7, 0/53 HPs)
             Began as a Gnoll Shapeshifter on Jan 5, 2024.
             Succumbed to a scorpion's poison
             ... in an ossuary.
             The game lasted 00:04:08 (3204 turns).

CougarLife the Ruffian (Gnoll Shapeshifter)         Turns: 3204, Time: 00:04:08

Health: 0/53       AC:  4    Str: 15    XL:     7   Next: 40%
Magic:  10/10      EV: 13    Int:  9    God:
Gold:   121        SH:  0    Dex: 12    Spells: 11/11 levels left

rFire   . .          .
                       - Unarmed
rCold   . . .        (no shield)
rNeg    . . .        r - +2 animal skin
rPois   .            a - melded +0 helmet
rElec   .            (cloak currently unavailable)
rCorr   .            (gloves currently unavailable)
SInv    .            (boots currently unavailable)
Will    .....        (no amulet)
Stlth   ++           (no ring)
HPRegen 0.28/turn    (no ring)
MPRegen 0.12/turn

%: no passive effects
@: lethally poisoned (0 -> -4), beast-form
A: beast (slay +4), fangs 1, strong nose, distributed training
a: Begin Untransformation


You were in an ossuary.
You were a hulking beast.
You visited 1 branch of the dungeon, and saw 4 of its levels.
You also visited: Ossuary.

You collected 121 gold pieces.

Inventory:

Armour
 a - a +0 helmet (melded)
 r - a +2 animal skin (worn)
Jewellery
 b - a ring of magical power
 f - a ring of protection from cold
Talismans
 c - a beast talisman (active)
 d - a flux talisman
Scrolls
 e - a scroll of silence {unknown}
 h - a scroll of torment {unknown}
 i - a scroll of noise {unknown}
 k - a scroll of vulnerability {unknown}
 n - a scroll of immolation {unknown}
 o - a scroll of enchant armour {unknown}
 q - a scroll of identify {unknown}
Potions
 g - a potion of degeneration {unknown}
 j - 2 potions of curing {unknown}
 l - a potion of haste {unknown}
 m - a potion of attraction {unknown}
 p - a potion of heal wounds {unknown}
 s - a potion of brilliance {unknown}


   Skills:
 + Level 3.7 Fighting
 + Level 2.5 Short Blades
 + Level 2.5 Long Blades
 + Level 2.5 Axes
 + Level 2.5 Maces & Flails
 + Level 2.5 Polearms
 + Level 2.5 Staves
 + Level 2.5 Ranged Weapons
 + Level 2.5 Throwing
 + Level 2.5 Armour
 + Level 5.3 Dodging
 + Level 2.5 Stealth
 + Level 2.5 Shields
 + Level 7.1 Unarmed Combat
 + Level 2.5 Spellcasting
 + Level 2.1 Conjurations
 + Level 2.1 Hexes
 + Level 2.1 Summonings
 + Level 2.1 Necromancy
 + Level 2.1 Translocations
 + Level 2.1 Fire Magic
 + Level 2.1 Ice Magic
 + Level 2.1 Air Magic
 + Level 2.1 Earth Magic
 + Level 2.1 Alchemy
 + Level 2.8 Invocations
 + Level 2.5 Evocations
 + Level 7.0 Shapeshifting


You had 11 spell levels left.
You didn't know any spells.
Your spell library contained the following spells:

 Spells                   Type           Power      Damage    Failure   Level
 Kiss of Death            Conj/Necr      16%        2d6       13%         1
 Magic Dart               Conj           16%        1d3       13%         1
 Slow                     Hex            16%        N/A       13%         1
 Blink                    Tloc           8%         N/A       21%         2
 Call Imp                 Summ           8%         N/A       21%         2
 Ozocubu's Armour         Ice            4%         N/A       36%         3
 Metabolic Englaciation   Hex/Ice        2%         N/A       98%         5
 Sculpt Simulacrum        Ice/Alch       2%         N/A       100%        6


Dungeon Overview and Level Annotations

Branches:
Dungeon (4/15)            Ossuary (1/1)
 Temple: D:4-7

Altars:
Dithmenos
Elyvilon
Uskayaw


Innate Abilities, Weirdness & Mutations

You are a hulking beast.
Your limbs bulge with bestial killing power. (Slay +4)
You have very sharp teeth.
Your uncanny sense of smell can sniff out nearby items.
Your experience applies equally to all skills.


Message History

The gnoll zombie closely misses you. The scorpion stings you.
You are poisoned.
The scorpion poisons you!
You hit the scorpion but do no damage.
You feel very sick.
The scorpion stings you but does no damage.
You hit the scorpion but do no damage.
You feel sick.
The gnoll zombie hits you but does no damage.
The scorpion stings you.
You are more poisoned.
The scorpion poisons you! The human zombie misses you.
You closely miss the scorpion. You punch the scorpion.
The scorpion is lightly wounded.
You feel very sick. The gnoll zombie hits you. The scorpion misses you.
You punch the scorpion! x2
The scorpion is almost dead.
You feel very sick. The human zombie hits you. The scorpion barely misses you.
The gnoll zombie hits you but does no damage.
You hit the scorpion but do no damage.
The scorpion is almost dead.
You feel very sick. The scorpion closely misses you.
The human zombie closely misses you.
You punch the scorpion!
You kill the scorpion!
You feel sick. The gnoll zombie hits you.
* * * LOW HITPOINT WARNING * * *
Your Shapeshifting skill increases to level 7!
You punch the gnoll zombie!
You destroy the gnoll zombie!
You feel sick. The human zombie hits you!
* * * LOW HITPOINT WARNING * * *
You hit the human zombie but do no damage.
You punch the human zombie!
The human zombie is moderately damaged.
* * * LOW HITPOINT WARNING * * *
You feel sick. The human zombie hits you.
* * * LOW HITPOINT WARNING * * *
You die...

#####################
#...#...#...#...#!.?#
#.∩.#...8...'...#..!+
#...#.......#.h.#M?!#
##'###8...8###'######
#...#.......#Z.†#...#
#.∩.'...8...#...8...#
#...#...#...#.......#
##############8...8##
∆ ∆ #.......# ∆ ∆
+...8...# ∆∆
#...#...#


You could see a mummy and a human zombie.

Vanquished Creatures
  Sigmund (D:3)
  A phantom (D:4)
  3 scorpions (Ossuary)
  Jessica (D:3)
  A scorpion zombie (Ossuary)
  Robin (D:3)
  5 adders
  A dart slug (D:4)
  4 orcs (D:3)
  4 bats
  9 endoplasms
  3 giant cockroaches
  A gnoll zombie (Ossuary)
  13 goblins
  5 hobgoblins (D:3)
  6 jackals (D:1)
  5 kobolds
  3 quokkas
  3 ball pythons (D:1)
  A frilled lizard (D:3)
  A goblin zombie (D:4)
  4 rats
76 creatures vanquished.

Notes
Turn   | Place    | Note
-------+----------+-------------------------------------------
     0 | D:1      | CougarLife the Gnoll Shapeshifter began the quest for the
                  | Orb.
     0 | D:1      | Reached XP level 1. HP: 17/17 MP: 1/1
    62 | D:1      | Reached XP level 2. HP: 3/23 MP: 2/2
   653 | D:1      | Reached XP level 3. HP: 27/28 MP: 3/3
  1205 | D:2      | Found a shadowy altar of Dithmenos.
  1228 | D:2      | Got An Induction into Mysticism
  1240 | D:2      | Reached skill level 1 in Invocations
  1585 | D:2      | Reached skill level 1 in Short Blades
  1585 | D:2      | Reached skill level 1 in Long Blades
  1585 | D:2      | Reached skill level 1 in Axes
  1585 | D:2      | Reached skill level 1 in Maces & Flails
  1585 | D:2      | Reached skill level 1 in Polearms
  1585 | D:2      | Reached skill level 1 in Staves
  1585 | D:2      | Reached skill level 1 in Ranged Weapons
  1585 | D:2      | Reached skill level 1 in Throwing
  1585 | D:2      | Reached skill level 1 in Armour
  1585 | D:2      | Reached skill level 1 in Stealth
  1585 | D:2      | Reached skill level 1 in Shields
  1585 | D:2      | Reached skill level 1 in Spellcasting
  1585 | D:2      | Reached skill level 1 in Evocations
  1594 | D:2      | Reached XP level 4. HP: 34/34 MP: 5/5
  1702 | D:3      | Found a white marble altar of Elyvilon.
  1728 | D:3      | Noticed Sigmund
  1747 | D:3      | Killed Sigmund
  1748 | D:3      | Reached skill level 1 in Conjurations
  1748 | D:3      | Reached skill level 1 in Hexes
  1748 | D:3      | Reached skill level 1 in Summonings
  1748 | D:3      | Reached skill level 1 in Necromancy
  1748 | D:3      | Reached skill level 1 in Translocations
  1748 | D:3      | Reached skill level 1 in Fire Magic
  1748 | D:3      | Reached skill level 1 in Ice Magic
  1748 | D:3      | Reached skill level 1 in Air Magic
  1748 | D:3      | Reached skill level 1 in Earth Magic
  1748 | D:3      | Reached skill level 1 in Alchemy
  1748 | D:3      | Reached XP level 5. HP: 32/41 MP: 5/7
  1748 | D:3      | Reached XP level 6. HP: 36/47 MP: 5/8
  2116 | D:3      | Found a hide-covered altar of Uskayaw.
  2131 | D:3      | Reached skill level 5 in Dodging
  2300 | D:3      | Noticed Robin
  2336 | D:3      | Killed Robin
  2337 | D:3      | HP: 2/47 [frozen (2)]
  2698 | D:3      | Noticed Jessica
  2703 | D:3      | Killed Jessica
  2956 | D:4      | Found a sand-covered staircase.
  2980 | Ossuary  | Entered an ossuary
  3035 | Ossuary  | Reached XP level 7. HP: 26/52 MP: 10/10
  3203 | Ossuary  | HP: 1/53 [human zombie (2)]
  3204 | Ossuary  | Succumbed to a scorpion's poison

Illustrated notes

Levels and vault maps discovered:
D:1:      wheals_arrival_linesprint, layout_basic
D:2:      layout_basic, basic_altar
D:3:      layout_basic, mainiacjoe_overflow_catch_the_wave,
          corexii_item_surrounded_by_moat, minmay_liquid_box, uniq_jessica,
          uniq_robin, uniq_sigmund
D:4:      cheibrodos_fertilizer, layout_gridville, serial_rivers,
          chequers_serial_rivers_micro_e, chequers_serial_rivers_small_a,
          chequers_serial_rivers_room_a, chequers_serial_rivers_small_3,
          chequers_serial_rivers_micro_c, ebering_ghost_rock_garden,
          enter_ossuary_3
Ossuary:  ossuary_minmay_scorpions

Skill      XL: |  1  2  3  4  5  6  7 |
---------------+----------------------+-----
Invocations    | 1 2 |  2.8
Short Blades   | 1 2 |  2.5
Long Blades    | 1 2 |  2.5
Axes           | 1 2 |  2.5
Maces & Flails | 1 2 |  2.5
Polearms       | 1 2 |  2.5
Staves         | 1 2 |  2.5
Ranged Weapons | 1 2 |  2.5
Throwing       | 1 2 |  2.5
Armour         | 1 2 |  2.5
Stealth        | 1 2 |  2.5
Shields        | 1 2 |  2.5
Spellcasting   | 1 2 |  2.5
Evocations     | 1 2 |  2.5
Fighting       | 3 |  3.7
Conjurations   | 1 2 |  2.1
Hexes          | 1 2 |  2.1
Summonings     | 1 2 |  2.1
Necromancy     | 1 2 |  2.1
Translocations | 1 2 |  2.1
Fire Magic     | 1 2 |  2.1
Ice Magic      | 1 2 |  2.1
Air Magic      | 1 2 |  2.1
Earth Magic    | 1 2 |  2.1
Alchemy        | 1 2 |  2.1
Dodging        | 5 |  5.3
Unarmed Combat | 7 |  7.1
Shapeshifting  | 7 |  7.0

Action                     |  1- 3 |  4- 6 |  7- 9 || total
---------------------------+-------+-------+-------++-------
  Melee: Unarmed           |    70 |    98 |    23 ||   191
         Bite              |     5 |     9 |     4 ||    18
         Punch             |     2 |     3 |     3 ||     8
    Use: Potion            |       |     1 |       ||     1
   Stab: Sleeping          |     1 |     1 |       ||     2
 Armour: Animal skin       |    32 |    51 |    14 ||    97
         Skin              |       |     7 |       ||     7
  Dodge: Dodged            |    48 |    62 |    16 ||   126
   Form: Beast             |     1 |     1 |       ||     2
                           |       |     1 |       ||     1

Table legend: (Time is in decaauts)
 A = Elapsed time spent in this place.
 B = Non-inter-level travel time spent in this place.
 C = Inter-level travel time spent in this place.
 D = Time resting spent in this place.
 E = Time spent auto-exploring this place.
 F = Levels seen in this place.
 G = Mean time per level.
                   A        B        C        D        E       F      G
               +--------+--------+--------+--------+--------+-----+--------+
         Total |   3177 |   3039 |    138 |    492 |   2035 |   5 |  635.4 |
       Dungeon |   2958 |   2820 |    138 |    331 |   2035 |   4 |  739.5 |
       Ossuary |    219 |    219 |      0 |    161 |      0 |   1 |  219.0 |
               +--------+--------+--------+--------+--------+-----+--------+

Top non-repeatable levels by time:
     D:3: 1232 daAuts
     D:1: 1161 daAuts
     D:2: 525 daAuts
 Ossuary: 219 daAuts
     D:4: 39 daAuts
